General information
- name: BNet
- type: Ladder 1vs1/FFA
- host: Battle.net
- saver: Boogaloo_Shrimp
map: TerenasStand
- players: 2
- length: 25:56
- speed: Fast
- version: 1.26 W3XP
- replay type: Public
» download(71 KB)
Players
team 1 (loser)
arthurelf (
blue | 34 APM | 883 actions | 25:55)
3 Priestess of the Moon
1 Scout
2 Trueshot Aura
» actions
| Basic commands | 4 | |
| Build / train | 65 | |
| Enter build submenu | 30 | |
| Enter hero's abilities submenu | 3 | |
| Right click | 426 | |
| Select / deselect | 297 | |
| Use ability | 58 | |
883 total
» units
| Wisp | 30 | |
| Huntress | 4 | |
| Dryad | 9 | |
| Druid of the Claw | 4 | |
| Chimaera | 3 | |
50 total
» upgrades
| Reinforced Hides | 1 | |
| Strength of the Wild | 1 | |
| Sentinel | 1 | |
| Abolish Magic | 1 | |
| Druid of the Claw Training | 3 | |
| Mark of the Claw | 1 | |
| Corrosive Breath | 1 | |
9 total
» buildings
| Altar of Elders | 2 | |
| Moon Well | 9 | |
| Hunter's Hall | 1 | |
| Ancient of War | 1 | |
| Ancient Protector | 3 | |
| Tree of Ages | 1 | |
| Ancient of Lore | 2 | |
| Tree of Eternity | 1 | |
| Tree of Life | 3 | |
| Ancient of Wind | 1 | |
| Chimaera Roost | 2 | |
26 total
» build order
00:05 Altar of Elders
00:09 Moon Well
00:21 Altar of Elders
01:31 Hunter's Hall
01:54 Ancient of War
02:07 Moon Well
02:49 Ancient Protector
02:52 Ancient Protector
02:56 Ancient Protector
03:54 Tree of Ages
06:14 Moon Well
06:23 Ancient of Lore
06:29 Ancient of Lore
08:17 Tree of Eternity
08:38 Moon Well
09:58 Moon Well
11:43 Tree of Life
12:34 Moon Well
14:09 Tree of Life
14:18 Tree of Life
18:52 Ancient of Wind
20:11 Chimaera Roost
20:17 Chimaera Roost
21:47 Moon Well
21:49 Moon Well
21:56 Moon Well
team 2 (winner)
Boogaloo_Shrimp (
purple | 63 APM | 1624 actions | 25:56)
5 Archmage
2 Blizzard
3 Brilliance Aura
3 Blood Mage
2 Flame Strike
1 Banish
» actions
| Assign group hotkey | 51 | |
| Basic commands | 88 | |
| Build / train | 103 | |
| ESC pressed | 1 | |
| Enter build submenu | 35 | |
| Enter hero's abilities submenu | 8 | |
| Give item / drop item | 11 | |
| Right click | 563 | |
| Select / deselect | 430 | |
| Select group hotkey | 144 | |
| Use ability | 190 | |
1624 total
» units
| Peasant | 18 | |
| Goblin Shredder | 3 | |
| Goblin Zeppelin | 2 | |
| Goblin Sapper | 4 | |
| Sorceress | 2 | |
| Mortar Team | 1 | |
| Dragonhawk Rider | 4 | |
34 total
» upgrades
| Masonry | 2 | |
| Swords | 3 | |
| Armor | 2 | |
| Sorceress Training | 1 | |
| Gunpowder | 2 | |
| Magic Sentry | 1 | |
| Fragmentation Shards | 1 | |
| Flare | 1 | |
| Animal War Training | 1 | |
14 total
» buildings
| Altar of Kings | 1 | |
| Farm | 7 | |
| Arcane Vault | 2 | |
| Scout Tower | 15 | |
| Lumber Mill | 1 | |
| Arcane Tower | 2 | |
| Guard Tower | 8 | |
| Town Hall | 1 | |
| Keep | 1 | |
| Blacksmith | 2 | |
| Arcane Sanctum | 1 | |
| Workshop | 3 | |
| Castle | 1 | |
| Cannon Tower | 2 | |
| Gryphon Aviary | 3 | |
| Barracks | 1 | |
51 total
» build order
00:05 Altar of Kings
00:32 Farm
00:33 Farm
01:00 Arcane Vault
01:11 Scout Tower
01:28 Lumber Mill
01:50 Farm
02:25 Arcane Tower
03:23 Farm
03:25 Scout Tower
03:26 Scout Tower
03:26 Scout Tower
04:00 Guard Tower
05:37 Scout Tower
05:37 Scout Tower
05:38 Scout Tower
05:39 Scout Tower
05:39 Scout Tower
05:40 Scout Tower
05:45 Town Hall
06:10 Guard Tower
06:13 Arcane Tower
06:14 Guard Tower
06:48 Scout Tower
06:48 Scout Tower
07:06 Scout Tower
07:20 Guard Tower
07:59 Guard Tower
07:59 Keep
08:18 Guard Tower
09:34 Blacksmith
09:34 Blacksmith
09:39 Farm
09:40 Farm
09:48 Arcane Vault
09:51 Scout Tower
09:51 Scout Tower
10:44 Arcane Sanctum
11:01 Workshop
12:50 Castle
13:05 Workshop
13:07 Workshop
15:41 Cannon Tower
15:42 Cannon Tower
18:04 Guard Tower
19:30 Gryphon Aviary
19:30 Gryphon Aviary
19:30 Gryphon Aviary
20:13 Guard Tower
21:10 Barracks
21:34 Farm
» items
| Mechanical Critter | 3 | |
| Lesser Clarity Potion | 2 | |
| Scroll of Regeneration | 8 | |
| Boots of Speed | 2 | |
| Ivory Tower | 6 | |
| Scroll of Town Portal | 1 | |
| Potion of Healing | 3 | |
| Potion of Mana | 1 | |
| Potion of Invisibility | 2 | |
| Staff of Teleportation | 2 | |
| Dust of Appearance | 1 | |
31 total
Chat log
(00:41 / All) arthurelf: from
(00:52 / All) arthurelf: from?
(01:04 / All) Boogaloo_Shrimp: ?
(01:14 / All) arthurelf: nacion
(01:22 / All) Boogaloo_Shrimp: ?
(16:49 / All) arthurelf: ?
(23:53 / All) arthurelf: muito gay
(23:58 / All) Boogaloo_Shrimp: SOMEONES MAD :D
(24:34 / All) Boogaloo_Shrimp: HERE COME THE CHIMERAS
(25:11 / All) Boogaloo_Shrimp: UH OH
(25:17 / All) Boogaloo_Shrimp: RAPED
(25:25 / All) Boogaloo_Shrimp: leave noob
(25:29 / All) Boogaloo_Shrimp: youre beaten
(25:30 / All) Boogaloo_Shrimp: utterly.